Map: Patrimonio antiguo

Players

MrFercho - Winner!

  • Race: Terran Terran
  • Spawn Location: 3:00

tigro

  • Race: Terran Terran
  • Spawn Location: 9:00

VOD

Have the link to the VOD?

Description

Time

  • Played on: July 29, 2019, 10:33 p.m.
  • Length: 29:37
Show
View Real Time Build Order
Export as new Build Order

MrFercho Terran - Winner!

Build Orders:  

Get SALT Encoding   

  12  0:05  SCV  
  13  0:17  SCV  
  14  0:40  Supply Depot  
  14  0:45  SCV  
  14  0:49  Refinery  
  15  1:01  SCV  
  15  1:03  Supply Depot  
  16  1:13  SCV  
  17  1:25  SCV  
  18  1:33  Barracks  
  18  1:38  Engineering Bay, SCV  
  19  2:04  Engineering Bay  
  19  2:40  Refinery  
  18  2:48  SCV  
  19  2:55  Barracks, Reaper  
  20  3:00  SCV  
  20  3:05  Factory  
  21  3:28  SCV, Reaper  
  23  3:40  SCV  
  24  3:48  Barracks Tech Lab  
  24  3:49  Factory  
  24  3:52  SCV  
  25  4:03  Barracks Tech Lab  
  25  4:04  SCV  
  25  4:07  Command Center  
  24  4:47  Factory Tech Lab  
  24  4:48  Factory Tech Lab  
  24  4:58  Armory  
  24  5:11  Marauder x2  
  28  5:19  Terran Infantry Armor Level 1, Terran Infantry Weapons Level 1  
  28  5:26  SCV  
  29  5:32  Marine x2  
  31  5:36  Refinery  
  31  5:38  SCV  
  33  5:42  SCV  
  33  5:45  Armory  
  33  5:50  SCV  
  33  5:52  Supply Depot  
  33  5:55  SCV  
  35  6:02  Refinery, SCV  
  36  6:07  SCV  
  36  6:09  Hellion  
  36  6:10  Hellion  
  41  6:14  SCV  
  41  6:15  Supply Depot  
  42  6:19  SCV  
  43  6:31  SCV  
  44  6:33  Armory  
  44  6:35  Orbital Command  
  44  6:37  Supply Depot  
  44  6:43  SCV  
  45  6:55  SCV  
  44  7:07  SCV  
  37  7:14  Combat Shield  
  37  7:15  Concussive Shells  
  37  7:19  SCV  
  37  7:21  Terran Infantry Weapons Level 2, Terran Infantry Armor Level 2  
  38  7:24  Terran Vehicle And Ship Armor Level 1  
  38  7:25  Terran Ship Weapons Level 1, Terran Vehicle Weapons Level 1  
  38  7:38  Starport  
  38  7:41  SCV  
  39  7:53  SCV  
  39  7:57  Marine x2  
  42  8:05  SCV  
  43  8:15  Marine x2  
  43  8:16  Starport  
  43  8:17  SCV  
  46  8:30  SCV  
  47  8:49  Infernal Pre-Igniter  
  47  8:50  Sensor Tower  
  47  8:54  Starport  
  47  9:31  Sensor Tower  
  47  9:43  Bunker  
  47  10:00  Marine x2  
  47  10:01  Sensor Tower  
  49  10:14  Orbital Command  
  49  10:15  Bunker  
  49  10:18  Marine x2, SCV  
  52  10:27  Command Center  
  51  10:30  SCV  
  52  10:36  Marine x2  
  54  10:42  SCV  
  55  10:51  Bunker  
  55  10:52  Thor  
  55  10:53  Thor  
  55  10:54  Marine x2  
  55  10:55  SCV  
  70  11:07  SCV  
  71  11:12  Marine x2  
  71  11:14  Hi-Sec Auto Tracking  
  71  11:15  Neosteel Armor  
  73  11:22  Bunker  
  73  11:35  Thor  
  73  11:36  Siege Tank  
  82  11:41  Refinery  
  82  11:53  Bunker  
  82  12:07  Refinery  
  82  12:08  Siege Tank  
  85  12:11  Terran Infantry Armor Level 3  
  85  12:18  Siege Tank  
  85  12:19  Barracks  
  88  12:23  Missile Turret  
  88  12:33  Fusion Core  
  88  12:40  Siege Tank  
  91  12:44  Missile Turret  
  91  12:57  Starport Tech Lab x3  
  91  13:00  Marine x2  
  93  13:07  Barracks  
  93  13:09  Terran Vehicle And Ship Armor Level 2, Terran Vehicle Weapons Level 2, Terran Ship Weapons Level 2  
  92  13:13  Terran Infantry Weapons Level 3  
  92  13:18  Marine x2  
  86  13:36  Marine x2  
  61  13:54  Marine x2  
  63  13:58  Mag-Field Accelerator, Factory, Drilling Claws  
  63  14:09  Battlecruiser x2  
  75  14:10  Banshee  
  75  14:12  Marine x2  
  80  14:24  Stimpack, Orbital Command  
  80  14:42  Factory  
  80  14:53  Banshee  
  80  14:58  Barracks Tech Lab x2  
  83  15:06  Factory Tech Lab  
  83  15:17  Smart Servos  
  83  15:28  Refinery  
  83  15:41  Factory Tech Lab  
  83  15:48  Command Center  
  83  15:50  Ghost Academy  
  83  15:51  Refinery  
  83  15:52  Refinery  
  83  15:54  Refinery  
  83  16:19  Ghost Academy, Command Center  
  83  16:34  Medivac x2  
  83  16:35  Medivac  
  89  16:50  Ghost Academy  
  89  17:04  Raven, Banshee x2  
  84  17:21  Ghost Academy  
  78  17:30  Liberator x2  
  78  17:46  Banshee  
  87  17:51  Ghost Academy  
  87  17:59  Weapon Refit  
  87  18:05  Rapid Reignition System, Cloaking Field, Corvid Reactor  
  87  18:14  Ghost x3  
  87  18:15  Ghost  
  95  18:20  Personal Cloaking  
  95  18:21  Ghost Academy  
  95  18:29  Banshee x2  
  95  18:30  Banshee  
  104  19:02  Hyperflight Rotors  
  104  19:23  Advanced Ballistics  
  104  19:51  Ghost x2  
  108  20:04  Command Center  
  108  20:10  Orbital Command  
  108  20:14  Orbital Command  
  108  20:20  SCV x3  
  111  20:32  SCV x3  
  114  21:18  Refinery  
  114  21:44  Nuke x6, Refinery  
  114  21:54  Thor  
  114  21:55  Thor x3  
  138  22:38  Hellion, Siege Tank x3  
  149  22:55  Marine x4  
  153  23:00  Hellion  
  153  23:05  Terran Ship Weapons Level 3, Terran Vehicle Weapons Level 3  
  155  23:10  Hellion x3  
  155  23:12  Marine  
  155  23:13  Marauder, Marine  
  155  23:14  Marauder  
  161  23:21  Cyclone  
  164  23:31  Marauder x2  
  168  23:35  Marauder  
  170  24:41  Nuke  
  170  24:42  Nuke x4  
  170  25:01  Cyclone  
  170  25:04  Marauder  
  170  25:06  Marauder x2  
  170  25:08  Marauder  
  170  25:11  Cyclone  
  166  25:25  Marauder  
  166  25:27  Marauder  
  170  25:32  Marauder x2  
  160  25:54  Marauder  
Show
View Real Time Build Order
Export as new Build Order

tigro Terran 

Build Orders:  

Get SALT Encoding   

  12  0:06  SCV  
  13  0:18  SCV  
  14  0:30  SCV  
  15  0:36  Supply Depot  
  15  0:45  Refinery  
  15  0:50  Refinery  
  15  0:57  SCV  
  16  1:19  Barracks  
  16  1:20  SCV  
  17  1:32  SCV  
  18  1:44  SCV  
  19  1:56  SCV  
  19  2:08  SCV  
  19  2:09  Barracks Tech Lab  
  19  2:15  Engineering Bay  
  20  3:09  Barracks  
  20  3:11  Combat Shield  
  20  3:15  Marine  
  21  3:33  Marine  
  22  3:51  Marine  
  23  4:02  Terran Infantry Armor Level 1  
  23  4:09  Barracks Tech Lab  
  23  4:15  Marine  
  21  4:25  Supply Depot  
  21  4:33  Marine  
  21  4:51  Stimpack  
  21  4:52  Planetary Fortress  
  21  5:33  Marauder  
  21  5:35  Command Center  
  23  5:39  SCV  
  24  5:54  Marauder  
  24  5:57  Terran Infantry Weapons Level 1  
  26  5:58  Missile Turret  
  26  6:16  Marauder  
  28  6:31  Concussive Shells  
  28  6:37  Marauder, Factory  
  30  6:59  Marauder  
  28  7:20  Marauder  
  28  7:21  Marauder  
  32  7:41  Marauder, Factory Tech Lab  
  32  7:42  Marauder  
  36  7:51  Hi-Sec Auto Tracking  
  36  8:02  Armory, Marine  
  36  8:03  Marauder  
  39  8:20  Marine  
  39  8:25  Marauder  
  42  8:34  SCV  
  42  8:38  Marine  
  44  8:46  Marauder  
  44  8:48  Neosteel Armor  
  46  9:04  Starport  
  46  9:09  Missile Turret  
  46  9:51  Terran Vehicle Weapons Level 1  
  46  9:56  Supply Depot  
  46  9:58  Infernal Pre-Igniter  
  46  10:08  Starport Tech Lab  
  46  10:17  Marine  
  46  10:18  SCV  
  48  10:22  Fusion Core  
  48  10:35  Marine  
  50  10:42  SCV  
  50  10:53  Marine  
  50  10:54  Refinery  
  50  10:55  SCV  
  52  11:11  Marine  
  52  11:14  Orbital Command  
  52  11:17  Mag-Field Accelerator  
  53  11:21  SCV  
  54  11:37  Supply Depot  
  54  11:45  Terran Vehicle And Ship Armor Level 1  
  54  11:59  Thor, Marine  
  61  12:10  Supply Depot  
  61  12:16  Marine  
  61  12:19  Refinery  
  62  12:31  Medivac  
  62  12:34  Marine  
  65  12:57  Drilling Claws  
  65  13:01  Medivac  
  62  13:21  Refinery  
  59  13:40  Terran Ship Weapons Level 1  
  38  14:05  Marauder  
  38  14:09  Marine  
  40  14:14  Thor  
  40  14:15  Smart Servos  
  47  14:25  Battlecruiser  
  47  14:27  Marauder, Marine, Weapon Refit  
  47  14:30  Rapid Reignition System  
  56  14:43  SCV  
  56  14:45  Marine  
  57  14:48  Marauder  
  60  14:55  SCV  
  61  15:03  Marine  
  62  15:07  SCV  
  62  15:09  Marauder  
  65  15:21  Marine  
  66  15:31  Marauder  
  68  16:12  Corvid Reactor  
  37  17:31  Cloaking Field  
  37  17:56  Marine  
  38  18:14  Marine  
  39  18:21  Refinery  
  39  18:32  Marine  
  38  18:42  Refinery  
  38  18:50  Hyperflight Rotors, Thor, Marine  
  45  19:00  Marauder  
  39  19:07  Marine  
  34  19:21  Marauder  
  34  19:22  Missile Turret  
  36  19:25  Medivac  
  38  19:43  Marauder  
  40  19:48  Missile Turret  
  40  19:53  Marine  
  40  19:55  Medivac  
  43  20:04  Marauder  
  45  20:11  Marine  
  46  20:25  Marauder  
  48  20:29  Marine  
  48  20:32  Siege Tank  
  48  20:35  Missile Turret  
  52  20:46  Marine  
  52  20:47  Marine  
  54  20:50  Battlecruiser  
  54  20:51  Advanced Ballistics  
  60  21:04  Marine, Siege Tank  
  64  21:22  Marine  
  65  21:36  Siege Tank  
  68  21:40  Marine  
  68  21:44  Missile Turret  
  69  21:50  SCV  
  70  22:10  Supply Depot  
  70  22:25  Marine, SCV  
  64  22:37  SCV  
  63  22:45  Missile Turret  
  63  22:49  SCV  
  63  23:01  SCV  
  63  23:58  Missile Turret  
  51  24:39  SCV  
  4  25:53  Marine  
  5  26:11  Marine, SCV  
  7  26:23  SCV  
  8  26:29  Marine  
  4  26:47  Marine  
  5  27:04  Marine  
  6  27:22  Marine  
  6  27:40  Marine  
Tags
 
Matchup
TvT
Race
Terran
Replay Pack
MrFercho
Spawn Locations
Cross Positions
Add a new tag
Caveats
  • Supply blocks, unpowered buildings, or Contaminate may cause inaccurate times.
  • Supply counts are checked every 10 seconds.